 Dungeon Crawl Stone Soup version 0.32-a0-433-g08bcfe7efd (webtiles) character file.

Game seed: 1167848338184353947

427 Drazool the Basher (level 6, 0/51 HPs)
             Began as a Mountain Dwarf Fighter on Feb 22, 2024.
             Slain by a human zombie (2 damage)
             ... in an ossuary.
             The game lasted 00:14:13 (3101 turns).

Drazool the Basher (Mountain Dwarf Fighter)         Turns: 3101, Time: 00:14:13

Health: 0/51       AC:  6    Str: 21    XL:     6   Next: 65%
Magic:  6/6        EV:  9    Int:  8    God:
Gold:   240        SH:  4    Dex:  9    Spells: 5/5 levels left

rFire   . . .        a - +0 flail
rCold   . . .        c - +0 buckler
rNeg    . . .        b - +0 scale mail
rPois   .            (no helmet)
rElec   .            (no cloak)
rCorr   .            (no gloves)
SInv    .            (no boots)
Will    .....        (no amulet) Stlth
                     (no ring)
HPRegen 0.28/turn    (no ring)
MPRegen 0.10/turn

%: no passive effects
@: mighty, on berserk cooldown, slowed, very slow
A: runic magic, artefact enchanting
a: no special abilities


You were in an ossuary.
You visited 1 branch of the dungeon, and saw 4 of its levels.
You also visited: Ossuary.

You collected 240 gold pieces.


Innate Abilities, Weirdness & Mutations

Your spellcasting is much less encumbered by armour.
You can use scrolls of enchantment on lesser artefacts.


   Skills:
 - Level 3.2 Fighting
 + Level 8.7 Maces & Flails
 - Level 3.2 Armour
 - Level 3.2 Shields


You had 5 spell levels left.
You didn't know any spells.
Your spell library contained the following spells:

 Spells                   Type           Power      Damage    Failure   Level
 Magic Dart               Conj           0%         1d3       56%         1
 Searing Ray              Conj           0%         2d4       71%         2
 Fulminant Prism          Conj/Alch      0%         3d5       100%        4

Inventory:

Hand Weapons
 a - a +0 flail (weapon)
Armour
 b - a +0 scale mail (worn)
 c - a +0 buckler (worn)
 n - a +0 helmet
Jewellery
 F - a ring of fire
Scrolls
 e - a scroll of blinking
 g - a scroll of teleportation {@r2}
 l - a scroll of noise
Potions
 f - 2 potions of experience {unknown}
 i - 2 potions of curing {@q1}
 j - a potion of enlightenment {unknown}
 k - 2 potions of berserk rage {!q}
 p - a potion of brilliance {unknown}

Dungeon Overview and Level Annotations

Branches:
Dungeon (4/15)            Ossuary (1/1)
 Temple: D:4-7

Altars:

Annotations:
D:2 1 runed translucent door, Crazy Yiuf

####################
...................#
...................#
.......ß.Zß........#
.....ZZ............#
..▒▒▒▒▒▒.^▒▒▒▒▒▒...#
..▒ ▒.^▒ ▒...# ..▒
▒..▒ ▒...# ..▒ ▒..▒
▒@..# ..▒ .... ▒MZ.#
.Z▒ ▒▒.... ▒ZZ.# ..▒
▒..... ▒...# .Z▒
▒...... ▒...# ..▒
▒.∩.....▒...# ..▒
▒...# Z.▒ ▒...# M.▒
▒...#


You could see a mummy, an elf zombie and 2 human zombies.


Message History

The elf zombie hits you but does no damage.
The elf zombie hits you.
* * * LOW HITPOINT WARNING * * *
You feel better. The human zombie barely misses you.
The elf zombie hits you but does no damage.
Unknown command.
You sock the mummy!
The mummy is moderately damaged.
The human zombie hits you but does no damage.
The elf zombie misses you. The human zombie hits you.
* * * LOW HITPOINT WARNING * * *
The elf zombie closely misses you.
Unknown command.
You closely miss the elf zombie.
The elf zombie is almost destroyed.
The mummy hits you!
* * * LOW HITPOINT WARNING * * *
The elf zombie barely misses you. The human zombie hits you.
* * * LOW HITPOINT WARNING * * *
You block the elf zombie's attack.
You sock the elf zombie!
You destroy the elf zombie!
You block the elf zombie's attack.
The human zombie hits you but does no damage.
You block the mummy's attack. The elf zombie hits you.
* * * LOW HITPOINT WARNING * * *
Unknown command.
The human zombie hits you but does no damage.
The human zombie hits you.
You die...

Skill      XL: |  1  2  3  4  5  6 |
---------------+-------------------+-----
Maces & Flails | 3 4 5 6 7 8 |  8.7
Fighting       | |  3.2
Armour         | |  3.2
Shields        | |  3.2

Action                     |  1- 3 |  4- 6 || total
---------------------------+-------+-------++-------
  Melee: Flail             |   115 |   255 ||   370
    Use: Scroll            |       |     8 ||     8
         Potion            |       |     3 ||     3
 Armour: Scale mail        |    62 |   214 ||   276
  Dodge: Dodged            |    40 |   134 ||   174
  Block: Buckler           |    15 |    61 ||    76

Levels and vault maps discovered:
D:1:      amcnicky_arrival_flooded_fountain, layout_basic
D:2:      layout_loops_cross, uniq_natasha, uniq_robin, uniq_crazy_yiuf_cottage
D:3:      layout_rooms
D:4:      layout_rooms, mainiacjoe_overflow_alcove_1,
          nicolae_ossuary_entry_false_entrances, serial_co_window_serial,
          co_window_paths_a, co_window_corner_a, co_window_paths_a,
          co_window_of_opportunity_a, co_window_corner_a,
          co_window_unsneaky_path_a, co_window_2corner, co_window_corner_b,
          co_window_2corner, co_window_2corner, co_window_corner_ca,
          co_window_corner_ca, co_window_4corner_a, glass_columns_b,
          glass_columns_b, glass_columns_c, uniq_menkaure, uniq_blork_the_orc
Ossuary:  ossuary_tomb_1

Notes
Turn   | Place    | Note
-------+----------+-------------------------------------------
     0 | D:1      | Drazool the Mountain Dwarf Fighter began the quest for the
                  | Orb.
     0 | D:1      | Reached XP level 1. HP: 19/19 MP: 1/1
    59 | D:1      | Reached skill level 3 in Maces & Flails
    92 | D:1      | Reached XP level 2. HP: 26/26 MP: 2/2
   226 | D:1      | Reached skill level 4 in Maces & Flails
   434 | D:1      | Reached XP level 3. HP: 31/31 MP: 3/3
   926 | D:2      | Noticed Robin
   978 | D:1      | Killed Robin
  1033 | D:2      | Reached skill level 5 in Maces & Flails
  1352 | D:2      | Noticed Natasha
  1360 | D:2      | Killed Natasha
  1361 | D:2      | Reached XP level 4. HP: 15/38 MP: 4/4
  1517 | D:2      | Found a runed translucent door.
  1518 | D:2      | Noticed Crazy Yiuf
  1709 | D:2      | Noticed Natasha
  1715 | D:2      | Killed Natasha
  1716 | D:2      | Reached skill level 6 in Maces & Flails
  1794 | D:2      | Noticed Natasha
  1807 | D:2      | Killed Natasha
  1808 | D:2      | Reached XP level 5. HP: 35/45 MP: 5/5
  2503 | D:4      | Found a sand-covered staircase.
  2523 | Ossuary  | Entered an ossuary
  2557 | Ossuary  | Reached skill level 7 in Maces & Flails
  2702 | Ossuary  | Reached XP level 6. HP: 23/51 MP: 6/6
  2900 | Ossuary  | Reached skill level 8 in Maces & Flails
  3100 | Ossuary  | HP: 2/51 [elf zombie (5)]
  3101 | Ossuary  | Slain by a human zombie

Vanquished Creatures
  An elf zombie (Ossuary)
  A centaur zombie (Ossuary)
  A human zombie (Ossuary)
  Natasha (thrice) (D:2)
  5 hound zombies (Ossuary)
  A mummy (Ossuary)
  Robin (D:1)
  An adder (D:3)
  7 adder zombies (Ossuary)
  A ribbon worm (D:2)
  13 ball pythons
  6 endoplasms
  2 giant cockroaches (D:1)
  13 goblins
  11 hobgoblins
  3 jackals (D:3)
  A quokka (D:3)
  4 bats
  4 gnoll zombies (Ossuary)
  3 jackal zombies (Ossuary)
  6 kobolds
  4 kobold zombies (Ossuary)
  5 orc zombies (Ossuary)
  3 rats
100 creatures vanquished.

Table legend: (Time is in decaauts)
 A = Elapsed time spent in this place.
 B = Non-inter-level travel time spent in this place.
 C = Inter-level travel time spent in this place.
 D = Time resting spent in this place.
 E = Time spent auto-exploring this place.
 F = Levels seen in this place.
 G = Mean time per level.
                   A        B        C        D        E       F      G
               +--------+--------+--------+--------+--------+-----+--------+
         Total |   3143 |   3057 |     86 |    134 |   1881 |   5 |  628.6 |
       Dungeon |   2559 |   2473 |     86 |     42 |   1848 |   4 |  639.8 |
       Ossuary |    584 |    584 |      0 |     92 |     33 |   1 |  584.0 |
               +--------+--------+--------+--------+--------+-----+--------+

Top non-repeatable levels by time:
     D:2: 1008 daAuts
     D:1: 922 daAuts
     D:3: 589 daAuts
 Ossuary: 584 daAuts
     D:4: 38 daAuts

Table legend:
 A = Non-vault XP
 B = Vault XP
 C = Vault XP percentage of total XP
 D = Non-vault monster count
 E = Vault monster count
 F = Vault count percentage of total count
                 A         B        C        D         E       F
            +---------+---------+-------+---------+---------+-------
      Total |     172 |     438 |  71.8 |      54 |      46 |  46.0
            +---------+---------+-------+---------+---------+-------
        D:1 |      46 |      18 |  28.1 |      30 |       3 |   9.1
        D:2 |      91 |      55 |  37.7 |      11 |      11 |  50.0
        D:3 |      35 |       0 |   0.0 |      13 |       0 |   0.0
    Ossuary |       0 |     365 | 100.0 |       0 |      32 | 100.0
            +---------+---------+-------+---------+---------+-------
